 Dungeon Crawl Stone Soup version 0.25-a0-670-g50981ef59b (webtiles) character file.

Game seed: 8960527526577890370, levelgen mode: deterministic

4670 Error4North the Cleaver (level 10, -4/88 HPs)
             Began as a Hill Orc Fighter on Mar 29, 2020.
             Slain by an orc warrior
             ... wielding a cursed +0 morningstar
              (11 damage)
             ... on level 8 of the Dungeon.
             The game lasted 00:29:28 (8492 turns).

Error4North the Cleaver (Hill Orc Fighter)          Turns: 8492, Time: 00:29:28

Health: -4/88      AC: 19    Str: 23    XL:     10   Next: 44%
Magic:  0/13       EV:  7    Int:  8    God:
Gold:   436        SH:  0    Dex: 10    Spells: 9/9 levels left

rFire    . . .     SeeInvis +   x - +2 battleaxe
rCold    + . .     Gourm    .   (shield currently unavailable)
rNeg     . . .     Faith    .   D - +0 plate armour {rC+}
rPois    .         Spirit   +   (no helmet)
rElec    .         Reflect  .   n - scarf {Spirit}
rCorr    .         Harm     .   (no gloves)
MR       .....                  d - +1 pair of boots
Stlth    ..........             (no amulet)
HPRegen  0.24/turn              e - +3 ring of protection
MPRegen  0.13/turn              b - ring of see invisible

@: stab, drained
A: no striking features
a: no special abilities


You were on level 8 of the Dungeon.
You were not hungry.

You visited 2 branches of the dungeon, and saw 10 of its levels.

You collected 436 gold pieces.

Inventory:

Hand Weapons
 q - a +1 mace of protection
 x - a +2 battleaxe (weapon)
Missiles
 m - 10 boomerangs (quivered)
Armour
 d - a +1 pair of boots (worn)
 n - a scarf of spirit shield (worn)
 D - a +0 plate armour of cold resistance (worn)
Jewellery
 b - a ring of see invisible (right hand)
 e - a +3 ring of protection (left hand)
 j - an uncursed ring of resist corrosion
 C - an uncursed ring of wizardry {unknown}
Wands
 u - a wand of flame (34)
 w - a wand of iceblast (5)
 B - a wand of enslavement (7)
 F - a wand of disintegration (17)
Scrolls
 a - a scroll of immolation {unknown}
 g - 5 scrolls of amnesia {unknown}
 h - 6 scrolls of remove curse
 i - 5 scrolls of fear {unknown}
 l - 2 scrolls of noise {unknown}
 p - 6 scrolls of teleportation {unknown}
 s - 6 scrolls of identify
 v - a scroll of random uselessness {unknown}
 y - 2 scrolls of enchant weapon {unknown}
 A - 2 scrolls of blinking {unknown}
Potions
 c - 2 potions of haste
 o - a potion of lignification
 t - 5 potions of curing
 z - a potion of brilliance
 E - a potion of stabbing
Comestibles
 f - 4 rations


   Skills:
 * Level 7.8(7.0) Fighting
 + Level 9.2(9.3) Axes
 + Level 5.5(6.7) Maces & Flails
 + Level 1.2(0.6) Throwing
 * Level 9.1(8.3) Armour
 + Level 1.4(0.7) Dodging
   Level 7.0(6.3) Shields
 * Level 4.1(3.4) Evocations


You had 9 spell levels left.
You didn't know any spells.
Your spell library contained the following spells:

 Spells                   Type           Power        Failure   Level  Hunger
 Infusion                 Chrm           #...         99%         1    ##.....
 Magic Dart               Conj           #...         99%         1    ##.....
 Summon Small Mammal      Summ           #...         99%         1    ##.....
 Call Imp                 Summ           #.......     100%        2    ###....
 Searing Ray              Conj           #.....       100%        2    ###....
 Shroud of Golubria       Chrm/Tloc      #.....       100%        2    ###....
 Song of Slaying          Chrm           #.......     100%        2    ###....
 Call Canine Familiar     Summ           #.......     100%        3    ####...
 Dazzling Flash           Conj/Hex       #.....       100%        3    ####...
 Ozocubu's Armour         Chrm/Ice       #.......     100%        3    ####...
 Spectral Weapon          Hex/Chrm       #.......     100%        3    ####...
 Summon Guardian Golem    Hex/Summ       #.......     100%        3    ####...
 Fulminant Prism          Conj/Hex       #.........   100%        4    #####..
 Iskenderun's Mystic Bla  Conj/Tloc      #.......     100%        4    #####..
 Summon Ice Beast         Ice/Summ       #.......     100%        4    #####..
 Summon Lightning Spire   Summ/Air       #.......     100%        4    #####..
 Silence                  Hex/Air        #.........   100%        5    ######.
 Conjure Ball Lightning   Conj/Air       #.........   100%        6    #######
 Deflect Missiles         Chrm/Air       #.........   100%        6    #######
 Tornado                  Air            #.........   100%        9    #######


Dungeon Overview and Level Annotations

Branches:
Dungeon (9/15)             Temple (1/1) D:6            Lair (0/6) D:8
    Orc: D:9-12

Altars:
Ashenzari
Cheibriados
Dithmenos
Elyvilon
Fedhas
Gozag
Hepliaklqana
Kikubaaqudgha
Makhleb
Nemelex Xobeh
Okawaru
Qazlal
Ru
Sif Muna
Trog
Uskayaw
Vehumet
Wu Jian
Yredelemnul
Zin
The Shining One

Shops:
D:5 *   D:6 [


Message History

* * * LOW HITPOINT WARNING * * *
The orc warrior hits you with a +0 war axe!
* * * LOW HITPOINT WARNING * * *
There is a stone staircase leading up here.
The orc warrior hits you with a cursed +0 morningstar!
* * * LOW HITPOINT WARNING * * *
You climb upwards.
There is a stone staircase leading down here.
You see here a +0 pair of boots.
You slice the orc warrior!!
The orc warrior is almost dead.
The orc warrior hits you with a cursed +0 morningstar!
* * * LOW HITPOINT WARNING * * *
It was a potion of stabbing.
You feel ready to backstab.
The orc warrior hits you but does no damage.
You hit the orc warrior but do no damage.
The orc warrior is almost dead.
The orc warrior hits you with a cursed +0 morningstar!
You die...

###### #@[..#
#### #o.<.######
#... #.........#
#... #....####.#
#... #....# #.#
#...
###..####.###
####
##....#...######
####.###......#
#.# ######..


You could see an orc warrior.

Vanquished Creatures
  Grinder (D:5)
  A wyvern (D:8)
  Menkaure (D:7)
  Duvessa (D:7)
  A water moccasin (D:8)
  5 orc warriors
  A porcupine (D:8)
  An ice beast (D:7)
  A phantom (D:7)
  A sky beast (D:7)
  2 ogres
  A black bear (D:8)
  3 centaurs
  Blork the orc (D:6)
  7 bullfrogs
  A gnoll sergeant (D:5)
  A wyvern zombie (D:6)
  A wyvern skeleton (D:6)
  Dowan (D:7)
  3 scorpions
  12 wights
  2 crimson imps (D:8)
  A bullfrog zombie (D:6)
  A quasit (D:8)
  A centaur zombie (D:6)
  A hound (D:7)
  A jelly (D:9)
  3 bullfrog skeletons
  5 orc priests
  2 iguanas
  10 orc wizards
  2 worker ants (D:7)
  2 howler monkey zombies
  A worker ant zombie (D:5)
  21 gnolls
  9 adders
  An ooze (D:5)
  An adder skeleton (D:5)
  5 worms
  2 dart slugs
  4 leopard geckos
  30 orcs
  4 bats
  3 giant cockroaches
  3 goblins
  5 hobgoblins
  4 jackals
  3 quokkas
  5 ball pythons
  4 frilled lizards
  10 kobolds
  A leopard gecko skeleton (D:4)
  A quokka zombie (D:3)
  5 rats
  A fungus (D:8)
  A plant (D:8)
202 creatures vanquished.

Vanquished Creatures (others)
  An orc wizard (D:7)
  A fungus (D:8)
2 creatures vanquished.

Grand Total: 204 creatures vanquished

Notes
Turn   | Place    | Note
-------+----------+-------------------------------------------
     0 | D:1      | Error4North the Hill Orc Fighter began the quest for the
                  | Orb.
     0 | D:1      | Reached XP level 1. HP: 19/19 MP: 1/1
   237 | D:1      | Reached XP level 2. HP: 27/27 MP: 2/2
   445 | D:1      | Reached XP level 3. HP: 31/33 MP: 3/3
   733 | D:2      | Reached XP level 4. HP: 9/40 MP: 0/4
  1294 | D:2      | Reached XP level 5. HP: 46/46 MP: 5/5
  1898 | D:3      | Reached skill level 1 in Maces & Flails
  1905 | D:3      | Reached XP level 6. HP: 38/53 MP: 3/6
  2424 | D:4      | Found a sacrificial altar of Ru.
  2459 | D:4      | Reached skill level 5 in Shields
  2516 | D:4      | Reached XP level 7. HP: 51/60 MP: 7/7
  2553 | D:4      | Reached skill level 5 in Armour
  2743 | D:4      | Reached skill level 5 in Fighting
  2911 | D:4      | Found an opulent altar of Gozag.
  3009 | D:5      | Entered Level 5 of the Dungeon
  3029 | D:5      | Reached skill level 1 in Dodging
  3257 | D:5      | Noticed Grinder
  3291 | D:5      | Killed Grinder
  3291 | D:5      | Reached skill level 1 in Throwing
  3400 | D:5      | Reached XP level 8. HP: 68/68 MP: 8/8
  3474 | D:5      | Found Feusmil's General Store.
  4254 | D:6      | Reached skill level 1 in Evocations
  4469 | D:6      | Reached skill level 5 in Maces & Flails
  4711 | D:6      | Found Miadem's Armour Shop.
  4760 | D:6      | Noticed Blork the orc
  4765 | D:6      | Killed Blork the orc
  4857 | D:6      | Found a staircase to the Ecumenical Temple.
  4869 | Temple   | Entered the Ecumenical Temple
  5192 | D:6      | Reached XP level 9. HP: 75/75 MP: 10/10
  5498 | D:7      | Noticed Duvessa
  5498 | D:7      | Noticed Dowan
  5514 | D:7      | Killed Duvessa
  5519 | D:7      | Killed Dowan
  5666 | D:7      | Reached skill level 5 in Axes
  6067 | D:7      | Noticed Menkaure
  6077 | D:7      | Killed Menkaure
  6921 | D:8      | Reached XP level 10. HP: 39/86 MP: 5/12
  7263 | D:8      | Found a stormy altar of Qazlal.
  7291 | D:8      | Found a staircase to the Lair.
  8492 | D:8      | Slain by an orc warrior

Levels and vault maps discovered:
D:1:      dpeg_arrival_three_smaller_balls, layout_rooms,
          kennysheep_pointless_box, minmay_misc_feat_chi, minmay_misc_feat_doors
D:2:      layout_basic
D:3:      layout_loops_cross, first_ration
D:4:      layout_gridville, nicolae_gozag_seed_capital, nicolae_ru_awakened_eye,
          hangedman_feature_mirror, nicolae_dithmenos_the_darkroom
D:5:      layout_loops_corners, serial_shops, shop, moated_statue, uniq_grinder
D:6:      layout_loops_ring, minmay_temple_entry_statues, serial_shops, shop,
          uniq_blork_the_orc
D:7:      layout_basic, uniq_menkaure, uniq_duvessa
D:8:      layout_rooms, nicolae_qazlal_general_emergency,
          grunt_lair_entry_orc_guard_hut
D:9:      layout_big_octagon, xom_teletrap_fun, david_orc_5
Temple:   dpeg_five_rooms_temple

Skill      XL: |  1  2  3  4  5  6  7  8  9 10 |
---------------+-------------------------------+-----
Axes           | 3 4 8 9 |  9.2
Shields        | 4 5 7 |  7.0
Fighting       | 4 5 7 |  7.8
Armour         | 4 5 6 7 9 |  9.1
Maces & Flails | 1 2 3 5 |  5.5
Dodging        | 1 |  1.4
Throwing       | 1 |  1.2
Evocations     | 2 3 4 |  4.1

Action                   |  1- 3 |  4- 6 |  7- 9 | 10-12 || total
-------------------------+-------+-------+-------+-------++-------
Melee: War axe           |    97 |    23 |       |       ||   120
       Mace              |       |   179 |   254 |       ||   433
       Battleaxe         |       |       |   175 |   151 ||   326
Throw: Boomerang         |     6 |    13 |    14 |     5 ||    38
  Use: Potion            |     3 |       |     1 |     6 ||    10
       Scroll            |       |     1 |     1 |       ||     2
  Eat: Chunk             |       |     6 |     7 |     4 ||    17
       Ration            |       |       |     2 |     1 ||     3
Armor: Scale mail        |    46 |    93 |       |       ||   139
       Chain mail        |       |    92 |   289 |    64 ||   445
       Plate armour      |       |       |       |    57 ||    57
       Skin              |       |       |       |     5 ||     5
Dodge: Dodged            |    33 |    76 |   149 |    75 ||   333
Block: Kite shield       |    55 |   139 |   138 |       ||   332

Table legend:
 A = Non-vault XP
 B = Vault XP
 C = Vault XP percentage of total XP
 D = Non-vault monster count
 E = Vault monster count
 F = Vault count percentage of total count
                 A         B        C        D         E       F
            +---------+---------+-------+---------+---------+-------
      Total |    4912 |    1760 |  26.4 |     176 |      24 |  12.0
            +---------+---------+-------+---------+---------+-------
        D:1 |      37 |       0 |   0.0 |      20 |       0 |   0.0
        D:2 |     175 |       0 |   0.0 |      23 |       0 |   0.0
        D:3 |     223 |       0 |   0.0 |      27 |       0 |   0.0
        D:4 |     421 |       0 |   0.0 |      18 |       0 |   0.0
        D:5 |     431 |     267 |  38.3 |      18 |       1 |   5.3
        D:6 |     735 |      87 |  10.6 |      16 |       1 |   5.9
        D:7 |    1571 |     397 |  20.2 |      27 |       3 |  10.0
        D:8 |     909 |     664 |  42.2 |      16 |       6 |  27.3
        D:9 |     410 |     345 |  45.7 |      11 |      13 |  54.2
            +---------+---------+-------+---------+---------+-------
